Map: Blackpink LE

Players

JonSnow

  • Race: Zerg Zerg
  • League: Grandmaster
  • Spawn Location: 7:00

SpeCial - Winner!

  • Race: Terran Terran
  • League: Master
  • Spawn Location: 1:00

VOD

Have the link to the VOD?

Description

Time

  • Played on: Dec. 24, 2017, 7:34 p.m.
  • Length: 14:41
Show
View Real Time Build Order
Export as new Build Order

JonSnow Zerg 

Build Orders: Hatch First, Swarm Host 

Get SALT Encoding   

  12  0:01  Drone  
  13  0:12  Overlord  
  13  0:17  Drone  
  14  0:31  Drone x2  
  16  0:37  Drone  
  17  0:53  Hatchery  
  17  0:55  Drone  
  17  0:59  Drone  
  18  1:09  Extractor  
  17  1:14  Spawning Pool  
  17  1:16  Drone  
  17  1:20  Drone  
  18  1:28  Drone  
  19  1:38  Overlord  
  19  1:54  Drone  
  20  2:00  Drone, Queen  
  23  2:04  Queen  
  23  2:05  Zergling x2  
  26  2:09  Metabolic Boost  
  26  2:12  Zergling x2  
  27  2:17  Zergling x2  
  27  2:22  Drone  
  29  2:26  Overlord  
  29  2:43  Drone x2  
  29  2:44  Queen x2  
  30  2:48  Drone x2  
  36  2:55  Drone  
  37  3:00  Overlord  
  37  3:12  Zergling x2  
  38  3:13  Zergling x8  
  42  3:22  Drone  
  42  3:23  Drone x3  
  46  3:29  Hatchery  
  45  3:34  Overlord  
  45  3:38  Overlord  
  45  3:44  Overlord  
  45  3:55  Drone x7  
  51  3:57  Extractor  
  51  4:01  Extractor  
  49  4:06  Roach Warren  
  48  4:10  Drone x3  
  48  4:17  Overlord  
  50  4:30  Overlord  
  50  4:31  Drone  
  50  4:32  Lair  
  59  4:45  Roach x5  
  59  4:46  Roach x3  
  65  4:53  Zergling x2  
  65  4:55  Roach x2  
  68  5:00  Roach x2, Zergling x2  
  68  5:06  Spore Crawler  
  72  5:09  Zergling x6  
  72  5:21  Drone x5  
  70  5:30  Drone x2  
  70  5:31  Overseer  
  70  5:34  Drone x2  
  70  5:35  Evolution Chamber x2, Overseer  
  71  5:44  Drone  
  71  5:45  Drone x4  
  78  5:50  Drone x2  
  78  5:58  Drone x2  
  78  6:02  Zerg Missile Weapons Level 1  
  78  6:03  Zerg Melee Weapons Level 1  
  80  6:04  Drone  
  80  6:06  Hydralisk Den, Extractor  
  80  6:10  Drone x3  
  82  6:11  Drone  
  82  6:13  Drone  
  82  6:17  Drone x2  
  86  6:19  Drone  
  87  6:27  Baneling Nest, Extractor, Drone x3  
  87  6:28  Extractor  
  87  6:32  Drone x2  
  89  6:45  Muscular Augments  
  89  6:46  Drone  
  89  6:47  Overlord, Drone x2  
  91  6:49  Hatchery  
  91  6:53  Hydralisk x3  
  96  7:00  Overlord  
  95  7:09  Hydralisk x5  
  106  7:20  Overseer  
  104  7:23  Hydralisk x5  
  104  7:26  Hatchery  
  112  7:36  Centrifical Hooks  
  112  7:39  Infestation Pit, Drone x3  
  112  7:40  Overlord x2  
  114  7:47  Overlord x4  
  114  7:56  Overlord x2  
  114  7:58  Zerg Melee Weapons Level 2  
  114  7:59  Zerg Ground Armor Level 1  
  113  8:11  Drone x3  
  114  8:15  Drone x8  
  114  8:18  Overlord  
  120  8:21  Zergling x8  
  124  8:34  Swarm Host  
  124  8:35  Swarm Host x4  
  139  8:42  Swarm Host x4  
  139  8:47  Swarm Host x2  
  157  8:51  Overlord  
  157  8:53  Overlord  
  157  8:56  Zergling x10  
  162  9:05  Drone  
  162  9:06  Drone x4  
  162  9:09  Swarm Host x3  
  174  9:15  Swarm Host x2, Spore Crawler  
  177  9:20  Baneling x3  
  177  9:22  Drone  
  177  9:24  Extractor  
  175  9:25  Extractor  
  175  9:27  Hive  
  175  9:29  Queen  
  176  9:33  Swarm Host x2  
  176  9:37  Zergling x8  
  176  9:38  Zergling x2  
  187  9:45  Overlord  
  185  9:51  Drone x5  
  185  9:52  Drone  
  186  9:55  Zerg Missile Weapons Level 2  
  186  10:01  Swarm Host x3  
  186  10:02  Overlord  
  195  10:12  Zergling x14  
  191  10:21  Baneling  
  191  10:22  Baneling x7  
  191  10:23  Zergling x8  
  193  10:29  Zerg Ground Armor Level 2  
  193  10:32  Zergling x6  
  193  10:33  Zergling x4  
  199  10:39  Baneling x9  
  179  10:50  Zergling x6  
  179  10:51  Zergling x6  
  179  10:55  Hydralisk x2  
  155  11:05  Hydralisk x2  
  158  11:13  Zergling x12  
  158  11:16  Hatchery, Baneling x7  
  158  11:17  Baneling x4  
  155  11:21  Zergling x2  
  155  11:22  Zergling x2  
  155  11:23  Hydralisk  
  150  11:33  Hydralisk x2  
  150  11:39  Swarm Host  
  153  11:41  Drone x2  
  153  11:44  Hydralisk  
  157  11:51  Drone x2  
  159  11:57  Hatchery  
  157  12:02  Hydralisk  
  157  12:03  Extractor, Hydralisk x2  
  157  12:06  Extractor  
  161  12:13  Drone x3  
  156  12:16  Drone  
  149  12:25  Drone x2  
  149  12:29  Drone x2  
  153  12:30  Queen  
  152  12:43  Drone x5  
  157  12:44  Queen  
  159  12:51  Zergling x2  
  159  12:52  Zergling x4  
  159  12:55  Zergling x2  
  159  12:56  Zergling x6  
  166  13:00  Drone x2  
  166  13:04  Baneling  
  166  13:05  Baneling x4  
  168  13:07  Drone x3  
  168  13:11  Zergling x2  
  168  13:12  Zergling x2  
  173  13:13  Baneling  
  173  13:14  Baneling x8  
  173  13:18  Zergling x6  
  173  13:31  Hydralisk x5  
  173  13:32  Zergling x2  
  173  13:34  Zergling x4  
  165  13:38  Hydralisk  
  165  13:39  Hydralisk  
  165  13:40  Zergling x2  
  170  13:47  Zergling x12  
  168  13:54  Zergling x4  
  170  13:58  Zergling x2  
  170  13:59  Zergling x8  
  171  14:03  Zergling x4  
Show
View Real Time Build Order
Export as new Build Order

SpeCial Terran - Winner!

Build Orders: Reaper Expand, Hellion Banshee, Mech 

Get SALT Encoding   

  12  0:00  SCV  
  13  0:13  SCV  
  14  0:18  Supply Depot  
  14  0:25  SCV  
  15  0:39  SCV  
  15  0:41  Barracks  
  16  0:44  Refinery  
  16  0:52  SCV  
  17  1:04  SCV  
  18  1:16  SCV  
  19  1:28  Reaper  
  19  1:29  Orbital Command  
  20  1:40  Command Center  
  20  1:50  Supply Depot  
  20  1:54  SCV  
  20  2:00  Marine  
  22  2:05  Factory  
  22  2:07  SCV  
  23  2:13  Refinery  
  23  2:19  SCV  
  24  2:23  Barracks Reactor  
  24  2:31  SCV  
  25  2:43  SCV  
  26  2:52  Orbital Command  
  26  2:54  Starport  
  26  2:55  SCV  
  27  3:06  Marine, Hellion x2  
  27  3:07  SCV  
  33  3:18  SCV  
  33  3:19  SCV  
  35  3:23  Armory  
  35  3:24  Marine  
  36  3:29  Supply Depot  
  36  3:30  Hellion x2  
  36  3:32  SCV  
  41  3:35  SCV  
  41  3:38  Medivac  
  44  3:42  Marine  
  44  3:47  Supply Depot  
  45  3:56  Hellion x2  
  45  3:57  SCV x2  
  51  4:03  Supply Depot, Barracks Tech Lab  
  51  4:09  SCV x2  
  53  4:18  Hellion x2  
  53  4:23  SCV  
  58  4:26  SCV  
  58  4:35  Command Center  
  58  4:42  SCV x2  
  58  4:43  Banshee, Cloaking Field  
  62  4:47  Hellion  
  64  4:54  Supply Depot, SCV x2  
  66  5:06  SCV x2  
  68  5:18  SCV  
  68  5:19  Supply Depot, SCV  
  68  5:21  Factory  
  64  5:22  Refinery  
  64  5:23  Factory, Refinery  
  64  5:25  Hellion  
  54  5:28  Banshee  
  54  5:29  Hellion x2  
  54  5:30  SCV  
  54  5:31  SCV  
  54  5:35  Barracks Tech Lab  
  59  5:39  Hellion  
  61  5:43  SCV x2  
  61  5:47  Orbital Command  
  63  5:52  Supply Depot  
  63  5:55  SCV x2  
  65  5:57  Terran Vehicle Weapons Level 1  
  65  6:06  Supply Depot  
  65  6:07  SCV x2  
  65  6:11  Orbital Command  
  67  6:19  SCV  
  67  6:21  Siege Tank x2  
  67  6:23  Hellion x2  
  67  6:24  Starport Reactor  
  78  6:26  SCV  
  78  6:31  SCV  
  80  6:36  Factory  
  80  6:37  SCV  
  80  6:38  Factory, SCV  
  82  6:43  SCV  
  82  6:44  Supply Depot  
  82  6:46  Hellion  
  82  6:47  Hellion, Refinery  
  87  6:50  SCV  
  87  6:51  SCV  
  87  6:52  Refinery  
  89  6:55  SCV  
  89  6:56  Siege Tank x2  
  96  7:02  SCV  
  96  7:03  SCV  
  96  7:06  Armory  
  96  7:07  SCV  
  96  7:08  Hellion x2  
  101  7:10  Starport Reactor  
  101  7:14  SCV  
  101  7:15  SCV  
  103  7:17  Supply Depot  
  103  7:19  SCV  
  104  7:26  SCV  
  104  7:27  SCV  
  104  7:28  Siege Tank  
  104  7:29  Hellion x2  
  113  7:31  SCV  
  113  7:35  Factory Tech Lab  
  114  7:38  SCV  
  114  7:42  Liberator x2  
  114  7:43  Siege Tank  
  118  7:46  Infernal Pre-Igniter  
  118  7:49  Hellion  
  118  7:50  Command Center  
  118  7:51  Hellion x2  
  124  7:56  Supply Depot  
  124  7:57  Supply Depot  
  124  8:00  Siege Tank  
  133  8:12  Hellion x2  
  131  8:14  Siege Tank, Hellion  
  131  8:17  Terran Vehicle Weapons Level 2  
  133  8:24  Hellion  
  135  8:27  Engineering Bay  
  135  8:28  Siege Tank  
  135  8:29  Supply Depot  
  135  8:33  Hellion x2  
  142  8:37  Terran Vehicle And Ship Armor Level 1  
  142  8:38  Supply Depot  
  142  8:39  SCV  
  142  8:40  SCV x2  
  145  8:46  Barracks  
  145  8:48  Hellion  
  145  8:49  Hellion  
  145  8:53  Siege Tank x2  
  153  8:55  Viking  
  153  8:56  Viking  
  155  9:08  Hellion x3  
  161  9:10  Supply Depot  
  161  9:14  Planetary Fortress  
  161  9:17  Missile Turret, Refinery  
  161  9:18  Refinery  
  161  9:19  SCV x2  
  161  9:22  Liberator x2  
  161  9:26  Hellion  
  161  9:27  Hellion  
  161  9:28  Siege Tank  
  161  9:29  Hellion x2  
  176  9:35  Sensor Tower  
  174  9:47  Hellion  
  174  9:48  Hellion  
  174  9:49  SCV  
  174  9:50  SCV x2  
  174  9:51  Sensor Tower, Hellion x2  
  174  9:52  SCV  
  183  10:02  SCV x3  
  183  10:05  Starport x2  
  184  10:09  Hellion  
  184  10:10  Hellion  
  184  10:13  Hellion  
  188  10:15  SCV x2  
  188  10:29  Fusion Core  
  188  10:30  Command Center  
  188  10:34  Smart Servos  
  188  10:35  Terran Vehicle Weapons Level 3  
  188  10:47  Hellion x3  
  188  10:48  Siege Tank x2  
  188  10:49  Hellion  
  188  10:50  Hellion, Liberator x2  
  188  10:56  Starport Tech Lab x2  
  168  11:01  Liberator  
  168  11:02  Liberator  
  158  11:05  Hellion x5  
  158  11:06  Hellion  
  158  11:09  Hellion x3  
  158  11:10  Hellion  
  165  11:11  Siege Tank  
  164  11:20  Siege Tank x2  
  164  11:22  Advanced Ballistics  
  176  11:30  Hellion x3  
  176  11:31  Hellion  
  184  11:33  Liberator x2  
  176  11:43  Siege Tank  
  176  11:44  Liberator  
  177  11:51  Hellion x2  
  177  11:52  Hellion  
  177  11:53  Hellion  
  189  11:57  Liberator  
  187  12:03  Hellion x2  
  191  12:15  Siege Tank  
  191  12:19  Hellion  
  191  12:20  Hellion  
  192  12:24  Siege Tank  
  192  12:25  Siege Tank  
  192  12:29  Supply Depot  
  194  12:31  Liberator  
  194  12:32  Supply Depot  
  194  12:45  Planetary Fortress  
  194  12:49  Hellion  
  194  12:50  Hellion  
  194  12:51  Siege Tank, Hellion  
  200  12:58  Hellion x2  
  199  13:05  Hellion  
  199  13:06  Factory x2  
  199  13:10  Liberator x2  
  196  13:14  Liberator  
  196  13:17  Starport Reactor  
  196  13:32  Hellion x2  
  196  13:33  Hellion  
  191  13:42  Siege Tank, Hellion  
  191  13:43  Hellion  
  188  13:53  Hellion  
  188  13:54  Factory Tech Lab  
  190  14:02  Siege Tank  
  198  14:03  Hellion  
  198  14:12  Hellion  
  198  14:15  Hellion  
  179  14:19  Hellion  
  176  14:33  Command Center  
Tags
 
Add a new tag
Caveats
  • Supply blocks, unpowered buildings, or Contaminate may cause inaccurate times.
  • Supply counts are checked every 10 seconds.